 Dungeon Crawl Stone Soup version 0.23-a0-270-gab6feb3 (webtiles) character file.

51 Felrender the Gusty (level 3, -5/40 HPs)
             Began as a Draconian Air Elementalist on Oct 1, 2018.
             Slain by Menkaure (11 damage)
             ... on level 2 of the Dungeon.
             The game lasted 00:04:47 (2200 turns).

Felrender the Gusty (Draconian Air Elementalist)    Turns: 2200, Time: 00:04:47

Health: -5/40      AC: 21    Str: 10    XL:     3   Next: 57%
Magic:  1/6        EV:  2    Int: 16    God:
Gold:   142        SH:  0    Dex: 11    Spells: 0/6 levels left

rFire    . . .     SeeInvis .   e - +0 short sword
rCold    . . .     Gourm    .   (no shield)
rNeg     + + +     Faith    .   (armour unavailable)
rPois    +         Spirit   .   (helmet currently unavailable)
rElec    .         Reflect  .   (cloak currently unavailable)
rCorr    .         Harm     .   (gloves currently unavailable)
MR       .....     NoTele   +   (boots currently unavailable)
Stlth    ++........             (no amulet)
HPRegen  0.13/turn              (no ring)
MPRegen  0.10/turn              (no ring)

@: swift (expiring), tree-form, starving, quick
A: unfitting armour, AC +5
a: no special abilities


You were on level 2 of the Dungeon.
You were starving.
You were a tree.
You visited 1 branch of the dungeon, and saw 2 of its levels.

You collected 142 gold pieces.

Inventory:

Hand Weapons
 c - a +0 club
 e - a +0 short sword (weapon)
Jewellery
 g - an uncursed ring of ice {unknown}
Potions
 d - a potion of lignification
Comestibles
 b - 3 rations


   Skills:
 * Level 0.7 Fighting
 + Level 0.1 Short Blades
 + Level 2.2 Dodging
 + Level 2.0 Stealth
 * Level 2.4 Spellcasting
 + Level 1.2 Conjurations
 + Level 3.6 Air Magic


You couldn't memorise any spells.
You knew the following spells:

 Your Spells              Type           Power        Failure   Level  Hunger
a - Shock                 Conj/Air       #...         8%          1    #......
b - Swiftness             Chrm/Air       #.......     14%         2    ###....
c - Static Discharge      Conj/Air       #.......     22%         3    ###....

Your spell library contained the following spells:

 Spells                   Type           Power        Failure   Level  Hunger
 Airstrike                Air            ##........   41%         4    #####..
 Lightning Bolt           Conj/Air       #.........   90%         5    ######.


Dungeon Overview and Level Annotations

Branches:
Dungeon (2/15)

Altars:
Kikubaaqudgha
Yredelemnul

Annotations:
D:2 1 transporter, Menkaure


Innate Abilities, Weirdness & Mutations

((Your plain brown scales are hard. (AC +5)))
You cannot fit into any form of body armour.
((You are cold-blooded and may be slowed by cold attacks.))


Message History

You are near starving!
You closely miss Menkaure.
Menkaure is heavily damaged.
The bat skeleton hits you but does no damage. x2
Menkaure hits you.
* * * LOW HITPOINT WARNING * * *
The wight hits you but does no damage.
The bat skeleton hits you but does no damage.
The hungry ghost hits you.
You feel somewhat more hungry.
You hit Menkaure but do no damage.
Menkaure is heavily damaged.
You start to feel a little slower.
The bat skeleton hits you but does no damage. x2
Menkaure giggles, "These cerements are ticklish..."
Menkaure hits you but does no damage. The wight hits you but does no damage.
The bat skeleton hits you but does no damage.
The hungry ghost hits you.
You are starving!
Menkaure hits you!
You die...

#######...###...)#....###
#.......©........#.#.####
#.#############..........
#.#.)._?⌠=_$?z#.####.####
#.#.........Z.#.# #.# #
#.#..##...##..#.# #.#
#.#..#8...8#..#.# #.#
#.#..##.W$##..#.# #.#
#.#.....♣Z....#.# #.#
#.#..##Mz.##..#.####.#
#.#..#8...8#.(#...##.####
#.#..##...##..#..........
#.#...........#.#.#...###
#.#©..........#.#......##
#.#############.#.#...###
#.......©.......#.##.##
#######...#.#####.##.#


You could see a hungry ghost, Menkaure, a wight and a bat skeleton.

Vanquished Creatures
  An adder (D:2)
  An ooze (D:2)
  2 dart slugs
  A leopard gecko (D:1)
  5 bats
  2 giant cockroaches (D:1)
  5 goblins
  5 hobgoblins
  3 frilled lizards
  2 kobolds (D:1)
  4 rats
31 creatures vanquished.

Notes
Turn   | Place    | Note
-------+----------+-------------------------------------------
     0 | D:1      | Felrender the Draconian Air Elementalist began the quest
                  | for the Orb.
     0 | D:1      | Reached XP level 1. HP: 14/14 MP: 3/3
   227 | D:1      | Reached XP level 2. HP: 20/20 MP: 3/5
  1261 | D:2      | Reached XP level 3. HP: 26/27 MP: 4/6
  1599 | D:2      | Learned a level 2 spell: Swiftness
  1603 | D:2      | Learned a level 3 spell: Static Discharge
  1687 | D:2      | Found an ancient bone altar of Kikubaaqudgha.
  1688 | D:2      | Found a transporter.
  1697 | D:2      | Found a transporter.
  1833 | D:2      | Noticed a hungry ghost
  1834 | D:2      | Found a basalt altar of Yredelemnul.
  1838 | D:2      | Noticed Menkaure
  2200 | D:2      | Slain by Menkaure

Vault maps used:
D:1:      lightli_arrival_statuegarden, serial_curves, eino_curves_02,
          eino_curves_03
D:2:      gammafunk_temple_of_torment, hex_medium

Skill      XL: |  1  2  3 |
---------------+----------+-----
Dodging        | 2 |  2.2
Stealth        | 2 |  2.0
Fighting       | |  0.7
Short Blades   | |  0.1
Spellcasting   | |  2.4
Conjurations   | |  1.2
Air Magic      | |  3.6

Action                   || total
-------------------------++-------
Melee: Unarmed           ||    10
       Short sword       ||    61
       Club              ||     4
       Tailslap          ||     4
 Cast: Shock             ||    30
       Swiftness         ||     1
  Use: Scroll            ||     2
       Potion            ||     2
 Stab: Sleeping          ||     2
  Eat: Chunk             ||     2
       Ration            ||     1
Armor: Skin              ||    45
Dodge: Dodged            ||    88

Table legend:
 A = Non-vault XP
 B = Vault XP
 C = Vault XP percentage of total XP
 D = Non-vault monster count
 E = Vault monster count
 F = Vault count percentage of total count
                 A         B        C        D         E       F
            +---------+---------+-------+---------+---------+-------
      Total |      73 |       0 |   0.0 |      31 |       0 |   0.0
            +---------+---------+-------+---------+---------+-------
        D:1 |      40 |       0 |   0.0 |      22 |       0 |   0.0
        D:2 |      33 |       0 |   0.0 |       9 |       0 |   0.0
            +---------+---------+-------+---------+---------+-------
